[Event "Drogheda Congress (Thomson Masters) 2026"]
[Site "Drogheda IRL"]
[Date "2026.06.01"]
[Round "5.8"]
[White "Andhurthi, Sreeyan"]
[Black "Ryan, Joshua"]
[Result "1-0"]
[WhiteElo "1933"]
[BlackElo "1874"]
[WhiteICU "1943"]
[BlackICU "1925"]
[WhiteClub "Blanchardstown"]
[BlackClub "Knights of Eanna"]
[WhiteNationality "IRL"]
[BlackNationality "IRL"]
[WhiteFideId "2523531"]
[BlackFideId "2516705"]
[PlyCount "98"]
[ECO "C45"]
[Opening "Scotch"]
[Variation "Schmidt variation"]
[FIDETournamentId "480233"]
[ChessResultsKey "1423859"]
[EventSection "1/4"]
[Venue "St Mary's Parish Primary School, Bryanstown, Drogheda A92 XD80"]
[EventDate "2026.05.30"]
[TimeControl "5400+30"]

{ Event information: <a
href="https://www.irlchess.com/drogheda2026_allfiles/pairings_drogheda2026.html">Tournament
report</a>. }

1. e4 e5 2. Nf3 Nc6 3. d4 exd4 4. Nxd4 Nf6 5. Nc3 Bb4 6. Nxc6 bxc6 7. Bd3
d5 8. exd5 cxd5 9. O-O O-O 10. Bg5 c6 11. Qf3 Bd6 12. Bxf6 Qxf6 13. Qxf6
gxf6 14. Ne2 Rb8 15. Rab1 c5 16. c3 Re8 17. b3 Be6 18. f4 Bg4 19. Ng3 Re3
20. Bc2 Rxc3 21. Bd1 Be6 22. Nh5 f5 23. Bf3 d4 24. h3 Rc2 25. g4 Rxa2 26.
Kh1 fxg4 27. hxg4 Bxb3 28. Be4 a5 29. Nf6+ Kg7 30. Rxb3 Kxf6 31. Rh3 Re2
32. Bd5 Kg7 33. Bc4 Re3 34. Rh5 Rb4 35. Bd5 f6 36. g5 f5 37. Rh6 Rb6 38.
Rf6 d3 39. Rf7+ Kg6 40. Rf6+ Kh5 41. Rg1 Bc7 42. Rf7 Rb2 43. Rxh7+ Kg6 44.
Rh6+ Kg7 45. Rh4 d2 46. g6 Bxf4 47. Rh7+ Kf6 48. g7 Re1 49. g8=Q Rxg1+ 1-0

[Event "Drogheda Congress (Thomson Masters) 2026"]
[Site "Drogheda IRL"]
[Date "2026.06.01"]
[Round "5.9"]
[White "Melaugh, Shane"]
[Black "O'Cuilleanain, Oisin"]
[Result "0-1"]
[WhiteTitle "FM"]
[WhiteElo "2254"]
[BlackElo "2197"]
[WhiteICU "2265"]
[BlackICU "2227"]
[WhiteClub "Elm Mount"]
[BlackClub "Knights of Eanna"]
[WhiteNationality "IRL"]
[BlackNationality "IRL"]
[WhiteFideId "2509580"]
[BlackFideId "2514249"]
[PlyCount "82"]
[ECO "A13"]
[Opening "English opening"]
[Variation "Agincourt variation"]
[FIDETournamentId "480233"]
[ChessResultsKey "1423859"]
[EventSection "1/4"]
[Venue "St Mary's Parish Primary School, Bryanstown, Drogheda A92 XD80"]
[EventDate "2026.05.30"]
[TimeControl "5400+30"]
[BlackFullName "O'Cuillean&aacute;in, Ois&iacute;n"]

{ Event information: <a
href="https://www.irlchess.com/drogheda2026_allfiles/pairings_drogheda2026.html">Tournament
report</a>. }

1. c4 e6 2. Nf3 d5 3. e3 Nf6 4. Nc3 Be7 5. d4 O-O 6. Bd3 dxc4 7. Bxc4 c5 8.
O-O a6 9. a4 Nc6 10. Bd3 cxd4 11. exd4 Qc7 12. Qe2 Rd8 13. Rd1 Nb4 14. Bg5
Bd7 15. Rac1 Nxd3 16. Rxd3 Bc6 17. Ne5 Rac8 18. Rdd1 Qa5 19. Re1 Bd5 20.
Ng4 Bc4 21. Qd2 Nxg4 22. Bf4 Bf6 23. Re4 Bd5 24. b4 Qxb4 25. Nxd5 Rxc1+ 26.
Qxc1 exd5 27. Bd2 Qc4 28. Rxg4 Qxc1+ 29. Bxc1 Rc8 30. Be3 Rc4 31. h4 Kf8
32. h5 h6 33. Rf4 Ke7 34. g4 Rxa4 35. Kf1 Rc4 36. Rf5 Bxd4 37. Bxd4 Rxd4
38. f4 f6 39. Ke2 Ke6 40. Ke3 Rc4 41. Kd3 a5 0-1

[Event "Drogheda Congress (Thomson Masters) 2026"]
[Site "Drogheda IRL"]
[Date "2026.06.01"]
[Round "5.10"]
[White "Liu, Murray"]
[Black "Cummins, Sean"]
[Result "0-1"]
[WhiteElo "1839"]
[BlackElo "1910"]
[WhiteICU "1933"]
[BlackICU "2010"]
[WhiteClub "Blanchardstown"]
[BlackClub "Drogheda"]
[WhiteNationality "IRL"]
[BlackNationality "IRL"]
[WhiteFideId "2517191"]
[BlackFideId "2512084"]
[PlyCount "52"]
[ECO "B95"]
[Opening "Sicilian"]
[Variation "Najdorf, 6...e6"]
[FIDETournamentId "480233"]
[ChessResultsKey "1423859"]
[EventSection "1/4"]
[Venue "St Mary's Parish Primary School, Bryanstown, Drogheda A92 XD80"]
[EventDate "2026.05.30"]
[TimeControl "5400+30"]
[BlackFullName "Cummins, Se&aacute;n"]

{ Event information: <a
href="https://www.irlchess.com/drogheda2026_allfiles/pairings_drogheda2026.html">Tournament
report</a>. }

1. e4 c5 2. Nf3 d6 3. d4 cxd4 4. Nxd4 Nf6 5. Nc3 a6 6. Bg5 e6 7. Qd2 Be7 8.
O-O-O b5 9. a3 Bb7 10. Bxf6 Bxf6 11. Kb1 O-O 12. f4 Nc6 13. Nxc6 Bxc6 14.
Bd3 Qb6 15. Na2 a5 16. c3 e5 17. f5 d5 18. Bc2 dxe4 19. Qe2 e3 20. Rhg1
Rad8 21. g4 Rd2 22. Rxd2 exd2 23. Rd1 Bg5 24. h4 Bf4 25. g5 Qe3 26. Qh5 Bf3
0-1

[Event "Drogheda Congress (Thomson Masters) 2026"]
[Site "Drogheda IRL"]
[Date "2026.06.01"]
[Round "6.2"]
[White "Daly, Colm"]
[Black "Flynn, Jacob"]
[Result "0-1"]
[WhiteTitle "FM"]
[BlackTitle "CM"]
[WhiteElo "2191"]
[BlackElo "2241"]
[WhiteICU "2192"]
[BlackICU "2303"]
[WhiteClub "U.C.D."]
[BlackClub "Malahide"]
[WhiteNationality "IRL"]
[BlackNationality "IRL"]
[WhiteFideId "2500434"]
[BlackFideId "2509393"]
[PlyCount "100"]
[ECO "A12"]
[Opening "English"]
[Variation "Caro-Kann defensive system, Bogolyubov variation"]
[FIDETournamentId "480233"]
[ChessResultsKey "1423859"]
[EventSection "1/4"]
[Venue "St Mary's Parish Primary School, Bryanstown, Drogheda A92 XD80"]
[EventDate "2026.05.30"]
[TimeControl "5400+30"]

{ Event information: <a
href="https://www.irlchess.com/drogheda2026_allfiles/pairings_drogheda2026.html">Tournament
report</a>. }

1. c4 c6 2. Nf3 d5 3. b3 Bg4 4. e3 Nf6 5. Bb2 e6 6. h3 Bxf3 7. Qxf3 Bd6 8.
Nc3 Nbd7 9. g3 a6 10. Bg2 b5 11. Qe2 Qe7 12. O-O O-O 13. d4 b4 14. Na4 Ne4
15. Rac1 f5 16. cxd5 cxd5 17. Rc6 a5 18. Rfc1 Ndf6 19. Nb6 Rad8 20. Nc8 Qb7
21. Nxd6 Rxd6 22. Rc7 Qb6 23. R7c2 Qa6 24. Bf1 Qa8 25. a4 Qe8 26. Kh2 Qg6
27. Qe1 Qh6 28. f3 Ng5 29. Rf2 Rdd8 30. h4 Nf7 31. Kg1 Kh8 32. Rcc2 g5 33.
hxg5 Qxg5 34. Rg2 Qh5 35. Be2 Ng5 36. Qd1 Nh3+ 37. Kf1 Ng5 38. Ke1 Qh1+ 39.
Bf1 Qh5 40. Rgf2 Rg8 41. Rc5 Nh3 42. Rg2 Ng5 43. Rf2 Nh3 44. Rg2 Ng5 45.
Qe2 Nxf3+ 46. Kd1 Ne4 47. Rc2 Nxg3 48. Qf2 Nxf1 49. Kc1 Rxg2 50. Qxg2 Nxe3
0-1

[Event "Drogheda Congress (Thomson Masters) 2026"]
[Site "Drogheda IRL"]
[Date "2026.06.01"]
[Round "6.3"]
[White "Balaji, Aaravamudhan"]
[Black "Cole, Ethan"]
[Result "1-0"]
[WhiteTitle "IM"]
[WhiteElo "2304"]
[BlackElo "2006"]
[BlackICU "2032"]
[BlackClub "Bangor"]
[WhiteNationality "ENG"]
[BlackNationality "IRL"]
[WhiteFideId "436224"]
[BlackFideId "2514818"]
[PlyCount "28"]
[ECO "E73"]
[Opening "King's Indian"]
[Variation "Semi-Averbakh system"]
[FIDETournamentId "480233"]
[ChessResultsKey "1423859"]
[EventSection "1/4"]
[Venue "St Mary's Parish Primary School, Bryanstown, Drogheda A92 XD80"]
[EventDate "2026.05.30"]
[TimeControl "5400+30"]

{ Event information: <a
href="https://www.irlchess.com/drogheda2026_allfiles/pairings_drogheda2026.html">Tournament
report</a>. }

1. d4 Nf6 2. c4 g6 3. Nc3 Bg7 4. e4 d6 5. Be2 O-O 6. Be3 e5 7. d5 Na6 8. h4
Nc5 9. Qc2 c6 10. h5 cxd5 11. cxd5 Qa5 12. h6 Bh8 13. f3 Nh5 14. Rb1 Qd8 {
... ? } 1-0

[Event "Drogheda Congress (Thomson Masters) 2026"]
[Site "Drogheda IRL"]
[Date "2026.06.01"]
[Round "6.4"]
[White "Hughes, Padraig"]
[Black "Bartczak, Korneliusz"]
[Result "1-0"]
[WhiteElo "1917"]
[BlackElo "2130"]
[WhiteICU "1984"]
[BlackICU "2138"]
[WhiteClub "Curragh"]
[BlackClub "Limerick"]
[WhiteNationality "IRL"]
[BlackNationality "IRL"]
[WhiteFideId "2505690"]
[BlackFideId "2523558"]
[PlyCount "59"]
[ECO "B10"]
[Opening "Caro-Kann defence"]
[FIDETournamentId "480233"]
[ChessResultsKey "1423859"]
[EventSection "1/4"]
[Venue "St Mary's Parish Primary School, Bryanstown, Drogheda A92 XD80"]
[EventDate "2026.05.30"]
[TimeControl "5400+30"]
[WhiteFullName "Hughes, P&aacute;draig"]

{ Event information: <a
href="https://www.irlchess.com/drogheda2026_allfiles/pairings_drogheda2026.html">Tournament
report</a>. }

1. e4 c6 2. Nf3 d5 3. d3 Bg4 4. h3 Bh5 5. g4 Bg6 6. exd5 cxd5 7. Ne5 Nd7 8.
d4 a6 9. Bd3 Bxd3 10. Qxd3 e6 11. O-O Bd6 12. f4 Ne7 13. Nd2 Nc6 14. Ndf3
Ndxe5 15. fxe5 Be7 16. c3 b5 17. Bd2 Rb8 18. Rf2 a5 19. Raf1 O-O 20. h4 Qd7
21. Ng5 Bxg5 22. hxg5 g6 23. Qh3 Rb7 24. Rf6 Rfb8 25. R1f2 Qe8 26. Rh2 Kf8
27. Qxh7 Ke7 28. Rxg6 b4 29. Rg7 bxc3 30. Bxc3 1-0

[Event "Drogheda Congress (Thomson Masters) 2026"]
[Site "Drogheda IRL"]
[Date "2026.06.01"]
[Round "6.6"]
[White "O'Cuilleanain, Oisin"]
[Black "Nichenametla V, Advaith"]
[Result "1-0"]
[WhiteElo "2197"]
[BlackElo "1915"]
[WhiteICU "2227"]
[BlackICU "1969"]
[WhiteClub "Knights of Eanna"]
[BlackClub "Master C.C."]
[WhiteNationality "IRL"]
[BlackNationality "IRL"]
[WhiteFideId "2514249"]
[BlackFideId "2516896"]
[PlyCount "71"]
[ECO "E08"]
[Opening "Catalan"]
[Variation "closed, 7.Qc2"]
[FIDETournamentId "480233"]
[ChessResultsKey "1423859"]
[EventSection "1/4"]
[Venue "St Mary's Parish Primary School, Bryanstown, Drogheda A92 XD80"]
[EventDate "2026.05.30"]
[TimeControl "5400+30"]
[WhiteFullName "O'Cuillean&aacute;in, Ois&iacute;n"]

{ Event information: <a
href="https://www.irlchess.com/drogheda2026_allfiles/pairings_drogheda2026.html">Tournament
report</a>. }

1. c4 Nf6 2. Nf3 e6 3. d4 d5 4. g3 Be7 5. Bg2 Nbd7 6. O-O O-O 7. Qc2 b6 8.
cxd5 exd5 9. Rd1 Bb7 10. Nc3 c5 11. Bf4 a6 12. dxc5 bxc5 13. Ne5 Nb6 14.
Bg5 Qc7 15. Nd3 Rad8 16. Nf4 Qe5 17. Bxf6 Bxf6 18. Qb3 Rd6 19. Nd3 c4 20.
Nxe5 cxb3 21. Nd3 bxa2 22. Rxa2 Bxc3 23. bxc3 Rc8 24. Rb1 f6 25. Rab2 Rcc6
26. c4 Nxc4 27. Rxb7 Nd2 28. Rd1 Rc2 29. Ne1 Ra2 30. Rc1 h5 31. h4 a5 32.
Bh3 Nc4 33. Nd3 Rxe2 34. Nf4 Re4 35. Bg2 Rd4 36. Bxd5+ 1-0

[Event "Drogheda Congress (Thomson Masters) 2026"]
[Site "Drogheda IRL"]
[Date "2026.06.01"]
[Round "6.7"]
[White "Liu, Jason"]
[Black "Andhurthi, Sreeyan"]
[Result "1/2-1/2"]
[WhiteTitle "FM"]
[WhiteElo "2252"]
[BlackElo "1933"]
[WhiteICU "2220"]
[BlackICU "1943"]
[WhiteClub "Gonzaga"]
[BlackClub "Blanchardstown"]
[WhiteNationality "IRL"]
[BlackNationality "IRL"]
[WhiteFideId "2514656"]
[BlackFideId "2523531"]
[PlyCount "95"]
[ECO "B36"]
[Opening "Sicilian"]
[Variation "accelerated fianchetto, Maroczy bind"]
[FIDETournamentId "480233"]
[ChessResultsKey "1423859"]
[EventSection "1/4"]
[Venue "St Mary's Parish Primary School, Bryanstown, Drogheda A92 XD80"]
[EventDate "2026.05.30"]
[TimeControl "5400+30"]

{ Event information: <a
href="https://www.irlchess.com/drogheda2026_allfiles/pairings_drogheda2026.html">Tournament
report</a>. }

1. e4 c5 2. Nf3 Nc6 3. d4 cxd4 4. Nxd4 g6 5. c4 Nf6 6. Nc3 d6 7. Be2 Nxd4
8. Qxd4 Bg7 9. Be3 O-O 10. Qd3 a5 11. O-O a4 12. Rfd1 Qa5 13. Bd4 Be6 14.
Rac1 Rfc8 15. Nb5 h5 16. e5 dxe5 17. Bxe5 Bf5 18. Qa3 Bf8 19. Bf3 Be4 20.
Qe3 Bxf3 21. Qxf3 Rc6 22. Bc3 Qb6 23. Bd4 Qa5 24. b3 Bh6 25. Rb1 axb3 26.
axb3 Qb4 27. h3 Bf8 28. Qe3 Kh7 29. Bc3 Qc5 30. Qxc5 Rxc5 31. Bxf6 exf6 32.
Rd7 Kg7 33. Rxb7 Ra2 34. Nd4 Re5 35. Rd7 Re4 36. Rd1 Bc5 37. Rd5 Ba7 38. c5
Bb8 39. b4 Be5 40. c6 Rb2 41. Rxe5 Rxe5 42. c7 Re8 43. Nb5 Rc2 44. Nd6 Ra8
45. b5 Rxc7 46. b6 Rc6 47. b7 Rb8 48. Kf1 1/2-1/2

[Event "Drogheda Congress (Thomson Masters) 2026"]
[Site "Drogheda IRL"]
[Date "2026.06.01"]
[Round "6.8"]
[White "Ryan, Joshua"]
[Black "Cummins, Sean"]
[Result "0-1"]
[WhiteElo "1874"]
[BlackElo "1910"]
[WhiteICU "1925"]
[BlackICU "2010"]
[WhiteClub "Knights of Eanna"]
[BlackClub "Drogheda"]
[WhiteNationality "IRL"]
[BlackNationality "IRL"]
[WhiteFideId "2516705"]
[BlackFideId "2512084"]
[PlyCount "39"]
[ECO "B93"]
[Opening "Sicilian"]
[Variation "Najdorf, 6.f4"]
[FIDETournamentId "480233"]
[ChessResultsKey "1423859"]
[EventSection "1/4"]
[Venue "St Mary's Parish Primary School, Bryanstown, Drogheda A92 XD80"]
[EventDate "2026.05.30"]
[TimeControl "5400+30"]
[BlackFullName "Cummins, Se&aacute;n"]

{ Event information: <a
href="https://www.irlchess.com/drogheda2026_allfiles/pairings_drogheda2026.html">Tournament
report</a>. }

1. e4 c5 2. Nf3 d6 3. d4 cxd4 4. Nxd4 Nf6 5. Nc3 a6 6. f4 e6 7. Be2 Be7 8.
O-O O-O 9. Kh1 Qc7 10. Qe1 b5 11. Bf3 Bb7 12. e5 Ne8 13. Bg4 Nd7 14. exd6
Bxd6 15. Nxe6 fxe6 16. Qxe6+ Rf7 17. Nd5 Qc4 18. Ne3 Qd4 19. Qe5 Qxe5 20.
Be6 0-1

[Event "Drogheda Congress (Thomson Masters) 2026"]
[Site "Drogheda IRL"]
[Date "2026.06.01"]
[Round "6.9"]
[White "Ozarpaci, Mert Can"]
[Black "Fil, Alkim Alper"]
[Result "1/2-1/2"]
[WhiteElo "1863"]
[BlackElo "1930"]
[WhiteICU "1992"]
[BlackICU "2003"]
[WhiteClub "Raharney"]
[BlackClub "C.C.Y.M.S."]
[WhiteNationality "TUR"]
[BlackNationality "TUR"]
[WhiteFideId "34520651"]
[BlackFideId "6309747"]
[PlyCount "52"]
[ECO "B21"]
[Opening "Sicilian"]
[Variation "Smith-Morra gambit"]
[FIDETournamentId "480233"]
[ChessResultsKey "1423859"]
[EventSection "1/4"]
[Venue "St Mary's Parish Primary School, Bryanstown, Drogheda A92 XD80"]
[EventDate "2026.05.30"]
[TimeControl "5400+30"]
[BlackFullName "F&#305;l, Alkim Alper"]

{ Event information: <a
href="https://www.irlchess.com/drogheda2026_allfiles/pairings_drogheda2026.html">Tournament
report</a>. }

1. e4 c5 2. d4 cxd4 3. c3 dxc3 4. Nxc3 e6 5. Nf3 a6 6. Bc4 b5 7. Bb3 Nc6 8.
O-O Na5 9. Bc2 Bb7 10. Qe2 Rc8 11. Be3 Nc4 12. e5 Nxb2 13. Ne4 Nc4 14. Rac1
Be7 15. Rfd1 f5 16. Nd6+ Bxd6 17. exd6 Nxe3 18. Qxe3 Nf6 19. Bxf5 O-O 20.
Bxe6+ dxe6 21. Qxe6+ Kh8 22. Ng5 Rxc1 23. Rxc1 Bd5 24. Nf7+ Rxf7 25. Rc8
Bxe6 26. Rxd8+ Ng8 1/2-1/2

[Event "Drogheda Congress (Thomson Masters) 2026"]
[Site "Drogheda IRL"]
[Date "2026.06.01"]
[Round "6.10"]
[White "Melaugh, Shane"]
[Black "Liu, Murray"]
[Result "1/2-1/2"]
[WhiteTitle "FM"]
[WhiteElo "2254"]
[BlackElo "1839"]
[WhiteICU "2265"]
[BlackICU "1933"]
[WhiteClub "Elm Mount"]
[BlackClub "Blanchardstown"]
[WhiteNationality "IRL"]
[BlackNationality "IRL"]
[WhiteFideId "2509580"]
[BlackFideId "2517191"]
[PlyCount "182"]
[ECO "A34"]
[Opening "English"]
[Variation "symmetrical, three knights system"]
[FIDETournamentId "480233"]
[ChessResultsKey "1423859"]
[EventSection "1/4"]
[Venue "St Mary's Parish Primary School, Bryanstown, Drogheda A92 XD80"]
[EventDate "2026.05.30"]
[TimeControl "5400+30"]

{ Event information: <a
href="https://www.irlchess.com/drogheda2026_allfiles/pairings_drogheda2026.html">Tournament
report</a>. }

1. c4 Nf6 2. Nc3 c5 3. Nf3 d5 4. cxd5 Nxd5 5. g3 Nc6 6. Bg2 Nc7 7. O-O e5
8. a3 Be7 9. d3 O-O 10. Ne1 Be6 11. Be3 Rb8 12. Rb1 Nd5 13. Bd2 Qd7 14. Nf3
f6 15. Nxd5 Bxd5 16. b4 cxb4 17. axb4 Nd4 18. Nxd4 Bxg2 19. Kxg2 Qxd4 20.
Qb3+ Kh8 21. Be3 Qd7 22. Bxa7 Ra8 23. Be3 f5 24. f3 Ra6 25. b5 Rg6 26. f4
exf4 27. Bxf4 Re6 28. Rbe1 g5 29. Bd2 f4 30. gxf4 gxf4 31. Bxf4 Rxe2+ 32.
Rxe2 Qg4+ 33. Bg3 Qxe2+ 34. Rf2 Rxf2+ 35. Bxf2 Qg4+ 36. Kf1 Qh3+ 37. Ke1
Qg4 38. Bg3 Bb4+ 39. Kf2 Bc5+ 40. d4 Qxd4+ 41. Ke2 Qe4+ 42. Kd2 Qg2+ 43.
Kd3 Qf3+ 44. Kc2 Qe2+ 45. Kb1 Qf1+ 46. Kc2 Qe2+ 47. Kc1 Qf1+ 48. Kd2 Qg2+
49. Kd1 Qg1+ 50. Be1 Qg4+ 51. Kc1 Qf4+ 52. Bd2 Qf1+ 53. Kc2 Qf5+ 54. Qd3
Qxd3+ 55. Kxd3 Kg7 56. Ke4 Kf6 57. Kd5 Bg1 58. Bf4 Ke7 59. h3 Kd7 60. h4
Bf2 61. h5 Bh4 62. Be3 Be7 63. Ke5 Bh4 64. Bc5 Ke8 65. Ke6 Bg5 66. Bd4 Bh4
67. Kd6 Bg3+ 68. Ke6 Bh4 69. Be5 Be7 70. Bf4 Bh4 71. Kd6 Kd8 72. Bd2 Be7+
73. Ke6 Ke8 74. Ba5 Bh4 75. Bc7 Be7 76. Bd6 Bh4 77. Bc5 Bg5 78. Bd4 Bh4 79.
Kd6 Bg3+ 80. Ke6 Bh4 81. b6 Be7 82. Be5 Bh4 83. Bh2 Bf2 84. Bc7 Bh4 85. Be5
Bf2 86. Kf6 Bxb6 87. Kg7 Be3 88. Kxh7 Kf7 89. h6 b6 90. Bb2 Bxh6 91. Kxh6
Ke8 1/2-1/2